Map: Triton LE

Players

Bunny

  • Race: Terran Terran
  • Spawn Location: 5:00

lllllllllll (sOs) - Winner!

  • Race: Protoss Protoss
  • League: Grandmaster
  • Spawn Location: 11:00

VOD

Have the link to the VOD?

Description

Time

  • Played on: Jan. 16, 2020, 5:42 a.m.
  • Length: 11:34
Show
View Real Time Build Order
Export as new Build Order

Bunny Terran 

Build Orders: Reaper Expand 

Get SALT Encoding   

  12  0:00  SCV  
  13  0:13  SCV  
  14  0:16  Supply Depot  
  14  0:25  SCV  
  15  0:38  SCV  
  15  0:39  Barracks  
  16  0:43  Refinery  
  16  0:50  SCV  
  17  1:02  SCV  
  18  1:14  SCV  
  19  1:27  Reaper, Orbital Command  
  20  1:41  Command Center  
  20  1:53  SCV  
  21  1:56  Supply Depot  
  21  1:58  Marine  
  22  2:05  SCV  
  22  2:06  Factory  
  23  2:11  Refinery  
  23  2:18  SCV  
  23  2:20  Barracks Reactor  
  24  2:24  Bunker  
  24  2:30  SCV  
  25  2:42  SCV  
  26  2:51  Starport, Hellion  
  28  2:54  SCV, Orbital Command  
  28  2:58  Marine  
  30  2:59  Marine  
  30  3:01  Orbital Command  
  31  3:06  SCV  
  31  3:12  Widow Mine  
  34  3:15  Marine  
  34  3:17  Marine  
  36  3:20  SCV  
  36  3:26  SCV  
  38  3:28  Medivac  
  38  3:31  Supply Depot  
  38  3:32  SCV  
  38  3:33  Marine, Widow Mine  
  44  3:36  Marine  
  44  3:39  SCV  
  46  3:52  SCV x2  
  48  3:58  Marine x2, Factory Tech Lab  
  48  3:59  Starport Tech Lab  
  48  4:00  Barracks  
  48  4:04  SCV x2  
  48  4:09  Supply Depot, Barracks  
  49  4:15  Refinery  
  49  4:16  SCV x2  
  51  4:17  Raven  
  51  4:24  Engineering Bay  
  53  4:25  Supply Depot  
  53  4:28  Marine  
  53  4:30  Marine  
  53  4:31  SCV x2  
  57  4:35  Factory Reactor  
  57  4:43  SCV x2  
  45  4:53  Marine x3  
  45  4:57  Siege Tank  
  50  5:00  Banshee  
  50  5:02  SCV x2  
  55  5:11  Marine  
  55  5:14  Marine x2  
  55  5:15  Marine  
  55  5:20  Supply Depot  
  58  5:25  SCV  
  58  5:27  SCV  
  60  5:29  Marine  
  61  5:40  SCV x2  
  59  5:48  Stimpack  
  59  5:52  SCV x2  
  61  6:01  Marine x2, Combat Shield, Marauder x2  
  61  6:02  Factory Reactor  
  67  6:07  SCV x2  
  67  6:09  Starport Reactor  
  67  6:11  Supply Depot  
  67  6:19  SCV x2  
  67  6:23  Marine  
  67  6:24  Marine  
  69  6:28  Marauder  
  69  6:29  Marauder  
  69  6:32  SCV x2  
  70  6:40  Marine  
  70  6:42  Marine  
  70  6:44  SCV x2  
  70  6:45  Refinery  
  74  6:48  Medivac, Supply Depot  
  74  6:49  Marauder  
  74  6:50  Supply Depot  
  78  7:01  Supply Depot x2  
  78  7:10  SCV x2, Medivac, Marauder  
  78  7:13  Marine x2, Marauder  
  78  7:15  Widow Mine x2  
  92  7:21  Supply Depot  
  92  7:24  SCV x2, Supply Depot, Engineering Bay  
  94  7:31  Medivac  
  94  7:39  Marine, Marauder x2  
  94  7:40  Marine, Medivac  
  94  7:41  Widow Mine  
  101  7:44  SCV  
  100  7:57  Terran Infantry Weapons Level 1  
  98  7:59  Concussive Shells  
  98  8:02  Command Center  
  98  8:11  Medivac x2  
  102  8:14  Widow Mine x2  
  102  8:16  SCV x2  
  102  8:17  Barracks  
  108  8:20  Barracks  
  108  8:28  Marine x2, Marauder x2  
  112  8:36  Widow Mine  
  112  8:37  Widow Mine  
  112  8:41  SCV x2  
  109  8:51  Medivac x2  
  111  8:56  Marine x2, Marauder  
  111  9:01  SCV  
  111  9:02  SCV  
  114  9:08  Marauder  
  116  9:13  Barracks Reactor, Barracks Tech Lab  
  116  9:16  Widow Mine  
  118  9:19  Orbital Command  
  118  9:22  Marine x2  
  120  9:28  SCV x2  
  122  9:32  Marauder x2  
  122  9:37  Orbital Command  
  126  9:41  Marine, Marauder  
  129  9:52  Viking  
  131  9:54  Marauder x2  
  135  10:00  Refinery x2  
  135  10:01  Viking  
  135  10:02  SCV x2  
  135  10:05  Liberator  
  140  10:14  Marauder  
  140  10:15  Marauder  
  140  10:17  Marauder  
  140  10:18  SCV x2  
  140  10:19  SCV  
  137  10:26  Marine x3  
  141  10:32  Supply Depot  
  141  10:37  Marine x3  
  141  10:40  Marauder  
  130  10:45  Marine  
  130  10:46  Marine x2  
  106  10:59  Marauder  
  106  11:00  Marauder  
  106  11:01  Marine x2  
Show
View Real Time Build Order
Export as new Build Order

lllllllllll Protoss - Winner!

Build Orders: 1 Gate Expand 

Get SALT Encoding   

  12  0:00  Probe  
  13  0:12  Probe  
  14  0:17  Pylon  
  14  0:25  Probe (Chrono Boost)  
  15  0:37  Probe (Chrono Boost), Gateway  
  16  0:43  Probe (Chrono Boost)  
  16  0:45  Assimilator  
  17  0:51  Probe  
  18  1:03  Probe  
  19  1:15  Probe  
  20  1:21  Nexus  
  20  1:31  Cybernetics Core  
  20  1:34  Probe  
  21  1:42  Assimilator  
  21  1:46  Probe  
  22  1:49  Pylon  
  22  1:58  Probe  
  23  2:05  Adept (Chrono Boost)  
  23  2:07  Warp Gate  
  25  2:10  Probe  
  26  2:21  Twilight Council  
  26  2:23  Probe (Chrono Boost)  
  26  2:27  Adept  
  29  2:34  Probe (Chrono Boost)  
  29  2:35  Probe (Chrono Boost)  
  31  2:43  Probe x2 (Chrono Boost)  
  33  2:48  Probe (Chrono Boost)  
  33  2:49  Probe  
  35  2:57  Gateway  
  35  2:58  Gateway  
  35  3:02  Probe  
  35  3:04  Probe  
  37  3:07  Adept  
  37  3:12  Resonating Glaives (Chrono Boost)  
  39  3:16  Probe  
  40  3:22  Probe, Pylon  
  41  3:31  Probe  
  41  3:34  Probe  
  43  3:38  Robotics Facility  
  43  3:43  Probe  
  43  3:46  Probe, Pylon  
  45  3:58  Adept x3  
  45  4:02  Probe x2  
  52  4:07  Robotics Facility  
  52  4:14  Probe x2  
  54  4:18  Adept  
  54  4:19  Adept x2  
  54  4:21  Pylon  
  60  4:26  Observer  
  60  4:31  Nexus  
  61  4:44  Stalker x3  
  61  4:45  Probe  
  66  4:47  Probe  
  66  4:49  Observer  
  64  4:57  Probe  
  63  5:06  Assimilator x2  
  63  5:13  Probe x2  
  65  5:17  Adept x2  
  65  5:20  Pylon  
  69  5:23  Forge  
  69  5:34  Probe  
  70  5:35  Blink  
  70  5:38  Probe  
  70  5:43  Immortal  
  74  5:50  Protoss Ground Weapons Level 1 (Chrono Boost), Stalker  
  74  5:51  Zealot  
  74  5:55  Probe x2  
  78  5:58  Probe  
  78  6:07  Probe  
  78  6:08  Probe  
  78  6:10  Probe  
  85  6:18  Immortal  
  85  6:21  Probe x2  
  87  6:29  Stalker x2  
  87  6:31  Zealot  
  84  6:35  Probe x2 (Chrono Boost)  
  84  6:38  Probe (Chrono Boost)  
  83  6:46  Probe x2 (Chrono Boost), Gateway  
  85  6:50  Probe (Chrono Boost), Gateway x2  
  85  6:53  Sentry x2  
  92  7:01  Probe x2  
  92  7:03  Photon Cannon  
  93  7:10  Pylon  
  92  7:17  Photon Cannon  
  92  7:18  Pylon  
  92  7:25  Warp Prism  
  92  7:28  Probe, Adept x3  
  98  7:34  Probe  
  93  7:40  Probe  
  93  7:42  Stalker  
  93  7:43  Protoss Ground Armor Level 1 (Chrono Boost)  
  94  7:45  Adept x2  
  94  7:46  Probe  
  94  7:48  Probe  
  95  7:57  Stalker x3  
  100  8:00  Photon Cannon  
  100  8:11  Sentry  
  100  8:12  Stalker x2, Observer  
  104  8:17  Pylon  
  104  8:18  Pylon  
  104  8:21  Immortal (Chrono Boost)  
  104  8:22  Pylon  
  104  8:25  Charge (Chrono Boost)  
  108  8:41  Observer  
  107  8:48  Adept x6  
  113  9:06  Immortal x2  
  121  9:17  Probe  
  121  9:18  Stalker x4  
  121  9:20  Probe, Pylon  
  121  9:22  Observer  
  121  9:23  Observer  
  129  9:29  Probe  
  130  9:47  Adept  
  130  9:48  Adept  
  130  9:49  Adept x2  
  138  9:54  Pylon  
  138  9:55  Pylon  
  138  9:59  Pylon, Observer  
  138  10:07  Pylon  
  138  10:12  Immortal  
  136  10:23  Adept x3  
  136  10:24  Adept x3  
  144  10:29  Gateway  
  144  10:30  Robotics Bay  
  144  10:32  Assimilator  
  124  10:44  Zealot x2  
  124  10:45  Zealot x4  
  130  10:54  Probe  
  96  11:05  Zealot x3, Stalker x2  
  96  11:06  Stalker  
  102  11:12  Probe  
  101  11:20  Probe  
Tags
 
Add a new tag
Caveats
  • Supply blocks, unpowered buildings, or Contaminate may cause inaccurate times.
  • Supply counts are checked every 10 seconds.